 Dungeon Crawl Stone Soup version 0.30-a0-1016-gfb0d676c02 (webtiles) character file.

Game seed: 7226712869128524453

116 ThatPearl the Chopper (level 5, -2/47 HPs)
             Began as a Hill Orc Monk on Apr 7, 2023.
             Was a Priest of Beogh.
             Slain by a bullfrog (7 damage)
             ... in a sewer.
             The game lasted 00:07:30 (2040 turns).

ThatPearl the Chopper (Hill Orc Monk)               Turns: 2040, Time: 00:07:31

Health: -2/47      AC:  3    Str: 16    XL:     5   Next: 1%
Magic:  5/5        EV: 12    Int: 10    God:    Beogh [***...]
Gold:   97         SH:  0    Dex: 13    Spells: 4/4 levels left

rFire   . . .      SeeInvis .    a - +0 hand axe
rCold   + . .      Faith    .    (no shield)
rNeg    . . .      Spirit   .    b - +0 robe
rPois   +          Reflect  .    (no helmet)
rElec   .          Rampage  .    (no cloak)
rCorr   .                        e - +0 pair of gloves
Will    .....                    (no boots)
Stlth   ++                       (no amulet)
HPRegen 0.27/turn                j - ring of poison resistance
MPRegen 0.09/turn                w - ring of protection from cold

@: no status effects
A: no striking features
a: Renounce Religion, Smiting


You were in a sewer.
You worshipped Beogh.
Beogh was most pleased with you.
You visited 1 branch of the dungeon, and saw 3 of its levels.
You also visited: Sewer.

You collected 127 gold pieces.
You spent 30 gold pieces at shops.

Inventory:

Hand Weapons
 a - a +0 hand axe (weapon)
Missiles
 k - 22 stones (quivered)
 m - a throwing net
Armour
 b - a +0 robe (worn)
 e - a +0 pair of gloves (worn)
Magical Staves
 y - a staff of poison
Jewellery
 j - a ring of poison resistance (left hand)
 w - a ring of protection from cold (right hand)
Wands
 r - a wand of iceblast (14)
Scrolls
 f - 2 scrolls of brand weapon {unknown}
 i - 5 scrolls of teleportation {unknown}
 n - a scroll of vulnerability {unknown}
 o - 3 scrolls of identify {unknown}
 p - a scroll of blinking
 q - a scroll of fear {unknown}
 v - a scroll of fog {unknown}
Potions
 d - 2 potions of lignification {unknown}
 g - 6 potions of curing
 h - a potion of magic {unknown}
 l - a potion of might {unknown}
 s - a potion of mutation {unknown}
 t - 2 potions of flight {unknown}
 u - 2 potions of heal wounds {unknown}
 x - a potion of resistance {unknown}


   Skills:
 + Level 4.5 Fighting
 * Level 6.0 Axes
 + Level 2.1 Armour
 - Level 2.4 Dodging
 - Level 1.5 Stealth


You had 4 spell levels left.
You didn't know any spells.
Your spell library contained the following spells:

 Spells                   Type           Power      Damage    Failure   Level
 Ensorcelled Hibernation  Hex/Ice        0%         N/A       50%         2
 Passwall                 Tmut/Erth      0%         N/A       50%         2
 Swiftness                Air            0%         N/A       75%         3


Dungeon Overview and Level Annotations

Branches:
Dungeon (3/15)              Sewer (1/1)

Altars:

Shops:
D:1 !


Message History

The bullfrog attacks as you move away! The bullfrog hits you!
The giant cockroach splashes around in the water.
The giant cockroach waves its antennae.
The bullfrog hits you.
The giant cockroach splashes around in the water.
You enter the shallow water.
Moving in this stuff is going to be slow.
The giant cockroach splashes around in the water.
The bullfrog hits you.
* * * LOW HITPOINT WARNING * * *
The bullfrog barely misses you. x2; The bullfrog closely misses you.
The bullfrog hits you.
* * * LOW HITPOINT WARNING * * *
The bullfrog closely misses you. The bullfrog barely misses you.
You are confused.
You feel invigorated. The bullfrog closely misses you.
The bullfrog hits you but does no damage. x2
The bullfrog completely misses you.
You barely miss the bullfrog.
The bullfrog is lightly wounded.
You hit the bullfrog. The bullfrog misses you. The bullfrog barely misses you.
You closely miss the bullfrog.
The bullfrog is lightly wounded.
You barely miss the bullfrog. The bullfrog closely misses you.
The bullfrog hits you! The bullfrog closely misses you. The bullfrog hits you.
* * * LOW HITPOINT WARNING * * *
You slash the bullfrog!
The bullfrog is almost dead.
You barely miss the bullfrog.
You feel less invigorated.
You feel less confused. The bullfrog barely misses you. The bullfrog hits you!
* * * LOW HITPOINT WARNING * * *
You hit the bullfrog but do no damage.
The bullfrog is almost dead.
You closely miss the bullfrog. The bullfrog barely misses you.
The bullfrog hits you.
* * * LOW HITPOINT WARNING * * *
The bullfrog closely misses you. The bullfrog barely misses you.
The bullfrog attacks as you move away! The bullfrog hits you!
You die...

##.~~##~~.##≈~~...~.≈≈
##.~~##~
#.~~~#~~~~#≈~~.(($.~.~ #~~~.#~
#∩.~~#~.~~#~~.?:?.~~~~ #.~~~#~
#.†~.#~~~†#~~~~$.~~~~. #†~~~#~
##†.~##~~~#.~~.~~...~≈
##†~~##~
#~~..#~~~#~~.~B.~~.≈≈##†~~~#~~
##~~~##~~##~B#~~~≈≈###~~~.##~~
#~~~~##~~#BF#######~~~~.##~~~
##~~~~#~~##F@.~.~~~~~~###~~..
##~~~..~.#..~~†.~~####~~~~.#
####~.~#######~∩.#.~~~~~~##
##~~#~~~~~#####.†~~#####
####~.~~~~.~~.~####~.∩#
#~~~#########....~##
#~~~~~~~~~~~..∩.###
#.~~~~~~~~~.#####
#############


You could see 2 bullfrogs and 2 giant cockroaches.

Vanquished Creatures
  A gnoll (D:1)
  2 adders
  A dart slug (D:3)
  5 bats
  10 endoplasms
  16 giant cockroaches
  5 goblins
  3 hobgoblins
  10 quokkas
  9 ball pythons
  6 frilled lizards
  7 kobolds
  2 rats
77 creatures vanquished.

Vanquished Creatures (others)
  A plant (D:1)
1 creature vanquished.

Grand Total: 78 creatures vanquished

Notes
Turn   | Place    | Note
-------+----------+-------------------------------------------
     0 | D:1      | ThatPearl the Hill Orc Monk began the quest for the Orb.
     0 | D:1      | Reached XP level 1. HP: 19/19 MP: 1/1
   182 | D:1      | Found Zewker's Distillery.
   226 | D:1      | Bought a potion of curing for 30 gold pieces
   304 | D:1      | Reached XP level 2. HP: 25/27 MP: 2/2
   658 | D:1      | Reached skill level 1 in Armour
   892 | D:2      | Reached XP level 3. HP: 33/33 MP: 3/3
  1133 | D:2      | Reached skill level 5 in Axes
  1506 | D:3      | Became a worshipper of Beogh the Brigand
  1506 | D:3      | Reached * piety under Beogh
  1506 | D:3      | Reached ** piety under Beogh
  1616 | D:3      | Reached XP level 4. HP: 40/40 MP: 4/4
  1661 | D:3      | Found a glowing drain.
  1697 | Sewer    | Entered a sewer
  1995 | Sewer    | Reached *** piety under Beogh
  2008 | Sewer    | Reached XP level 5. HP: 44/47 MP: 5/5
  2031 | Sewer    | Reached skill level 6 in Axes
  2040 | Sewer    | Slain by a bullfrog

Illustrated notes

Levels and vault maps discovered:
D:1:      spicycebolla_arrival_ecumenical, layout_loops_ring, serial_bayou,
          serial_bayou_lagoon_b, serial_bayou_shore_b, serial_bayou_pond_b,
          serial_bayou_pond_b, serial_shops, nicolae_shop_waterfront,
          hangedman_decor_diamond_cutter
D:2:      layout_rooms
D:3:      layout_basic, overflow_temple_1_default, gup_sewer_entry_glass,
          minmay_checkerbox
Sewer:    sewer_frog_island_02

Skill      XL: |  1  2  3  4  5 |
---------------+----------------+-----
Fighting       | 4 |  4.5
Armour         | 1 2 |  2.1
Axes           | 5 6 |  6.0
Dodging        | |  2.4
Stealth        | |  1.5

Action                     |  1- 3 |  4- 6 || total
---------------------------+-------+-------++-------
  Melee: Hand axe          |   140 |   132 ||   272
 Invoke: Convert to Beogh  |     1 |       ||     1
    Use: Potion            |       |     1 ||     1
   Stab: Sleeping          |     8 |       ||     8
 Armour: Robe              |    36 |    37 ||    73
  Dodge: Dodged            |   100 |   112 ||   212

Table legend: (Time is in decaauts)
 A = Elapsed time spent in this place.
 B = Non-inter-level travel time spent in this place.
 C = Inter-level travel time spent in this place.
 D = Time resting spent in this place.
 E = Time spent auto-exploring this place.
 F = Levels seen in this place.
 G = Mean time per level.
                   A        B        C        D        E       F      G
               +--------+--------+--------+--------+--------+-----+--------+
         Total |   2142 |   2124 |     18 |      0 |   1214 |   4 |  535.5 |
       Dungeon |   1738 |   1720 |     18 |      0 |   1097 |   3 |  579.3 |
         Sewer |    404 |    404 |      0 |      0 |    117 |   1 |  404.0 |
               +--------+--------+--------+--------+--------+-----+--------+

Top non-repeatable levels by time:
     D:1: 875 daAuts
     D:2: 527 daAuts
   Sewer: 404 daAuts
     D:3: 335 daAuts
